 Dungeon Crawl Stone Soup version 0.30-a0-862-g1aabd4f9c5 (webtiles) character file.

Game seed: 18227313458331587662

41 eruonna the Vexing (level 3, -1/14 HPs)
             Began as a Felid Enchanter on Mar 8, 2023.
             Slain by an adder (4 damage)
             ... on level 3 of the Dungeon.
             The game lasted 00:14:03 (2456 turns).

eruonna the Vexing (Felid Enchanter)                Turns: 2456, Time: 00:14:04

Health: -1/14      AC:  1    Str:  4    XL:     3   Next: 32%
Magic:  1/7        EV: 17    Int: 16    God:
Gold:   106        SH:  0    Dex: 18    Spells: 4/6 levels left
                                        Lives:  0   Deaths: 1

rFire   . . .      SeeInvis +      - Unarmed
rCold   . . .      Faith    .    (shield unavailable)
rNeg    . . .      Spirit   .    (body armour unavailable)
rPois   .          Reflect  .    (helmet unavailable)
rElec   .          Rampage  .    (cloak unavailable)
rCorr   .                        (gloves unavailable)
Will    .....                    (boots unavailable)
Stlth   +++                      (no amulet)
HPRegen 0.22/turn                (no ring)
MPRegen 0.10/turn                (no ring)

@: very slightly contaminated, quick
A: very small, claws 1, fangs 3, see invisible, speed 1, shaggy fur 1, stealthy
paws, no weapons or thrown items, no armour, multi-lived
a: no special abilities


You were on level 3 of the Dungeon.
You visited 1 branch of the dungeon, and saw 3 of its levels.

You collected 106 gold pieces.

Inventory:

Scrolls
 b - 3 scrolls of teleportation
 c - a scroll of brand weapon {unknown}
 d - a scroll of poison
 f - 2 scrolls of identify
 h - a scroll of vulnerability {unknown}
Potions
 a - 2 potions of invisibility
 e - 2 potions of lignification
 g - a potion of curing {unknown}


   Skills:
 - Level 2.6 Dodging
 - Level 4.0 Stealth
 + Level 4.1 Unarmed Combat
 - Level 2.0 Spellcasting
 - Level 4.4 Hexes


You had 4 spell levels left.
You knew the following spells:

 Your Spells              Type           Power      Damage    Failure   Level
a - Ensorcelled Hibernat  Hex/Ice        16%        N/A       13%         2

Your spell library contained the following spells:

 Spells                   Type           Power      Damage    Failure   Level
 Confusing Touch          Hex            15%        N/A       11%         3
 Tukima's Dance           Hex            15%        N/A       11%         3
 Dazzling Flash           Conj/Hex       16%        N/A       26%         3


Dungeon Overview and Level Annotations

Branches:
Dungeon (3/15)

Altars:
Okawaru


Innate Abilities, Weirdness & Mutations

You have sharp claws.
You have razor-sharp teeth.
You have supernaturally acute eyesight. (SInv)
You cover ground quickly. (Speed+)
You are covered in fur. (AC +1)
Your paws help you pounce on unaware monsters.
You are incapable of wielding weapons or throwing items.
You cannot wear armour.
You gain extra lives every three experience levels.


Message History

You closely miss the adder. You claw the adder, but do no damage.
The adder is moderately wounded.
The adder barely misses you.
You closely miss the adder.
The adder is moderately wounded.
The adder misses you.
You barely miss the adder.
The adder is moderately wounded.
The adder bites you.
You are poisoned.
The adder poisons you!
Casting: Ensorcelled Hibernation (safe; 13% risk of failure)
Confirm with . or Enter, or press ? or * to list all spells.
Aiming: Ensorcelled Hibernation (safe; 13% risk of failure)
Press: ? - help, Shift-Dir - straight line, f - adder
Aim: an adder (moderately wounded, chance to affect: 50%)
The adder resists with some effort.
You feel sick. The adder barely misses you. The adder completely misses you.
Casting: Ensorcelled Hibernation (safe; 13% risk of failure)
Confirm with . or Enter, or press ? or * to list all spells.
Aiming: Ensorcelled Hibernation (safe; 13% risk of failure)
Press: ? - help, Shift-Dir - straight line, f/p - adder
Aim: an adder (moderately wounded, chance to affect: 50%)
The adder resists with some effort.
You feel sick. The adder bites you.
Casting: Ensorcelled Hibernation (safe; 13% risk of failure)
Confirm with . or Enter, or press ? or * to list all spells.
Aiming: Ensorcelled Hibernation (safe; 13% risk of failure)
Press: ? - help, Shift-Dir - straight line, f/p - adder
Aim: an adder (moderately wounded, chance to affect: 50%)
You miscast Ensorcelled Hibernation.
You are very lightly contaminated with residual magic.
Nothing appears to happen.
You feel sick. The adder bites you.
You barely miss the adder.
The adder is moderately wounded.
You feel sick. The adder closely misses you. x2
You feel sick.
You feel sick.
You are no longer poisoned.
The adder attacks as you move away! The adder bites you.
You die...

### +..≈.#)w.'.# #.#
+...#.≈..'.# #.#
#≈≈≈.§§§≈### #.#
#≈≈≈..≈§≈# #.#
#≈≈≈..§§≈# #.#
####++#### #.# #.#
####.#############.#
##
...........S@......#
..
..##################
.. .. .. .. .. .. ..


You could see an adder.

Vanquished Creatures
  2 gnolls (D:3)
  An ufetubus (D:3)
  2 worms
  2 dart slugs
  2 orcs (D:3)
  6 ball pythons
  6 endoplasms
  6 goblins
  4 hobgoblins
  A kobold (D:2)
  A quokka (D:1)
  7 bats
  3 frilled lizards
  3 rats
46 creatures vanquished.

Notes
Turn   | Place    | Note
-------+----------+-------------------------------------------
     0 | D:1      | eruonna the Felid Enchanter began the quest for the Orb.
     0 | D:1      | Reached XP level 1. HP: 7/7 MP: 4/4
   221 | D:1      | Reached XP level 2. HP: 7/11 MP: 6/6
   240 | D:1      | Learned a level 2 spell: Ensorcelled Hibernation
   999 | D:2      | Reached XP level 3. HP: 12/14 MP: 7/7
  1128 | D:2      | Found an iron altar of Okawaru.
  2160 | D:3      | Reached XP level 4. HP: 18/18 MP: 1/8
  2318 | D:3      | Slain by an orc
  2319 | D:3      | Reached XP level 3. HP: 0/14 MP: 7/7
  2456 | D:3      | Slain by an adder

Illustrated notes

Levels and vault maps discovered:
D:1:      lightli_arrival_noodles, layout_basic
D:2:      layout_loops_cross, basic_altar
D:3:      layout_basic, kennysheep_generic_room_4

Skill      XL: |  1  2  3 |
---------------+----------+-----
Unarmed Combat | 2 3 4 |  4.1
Dodging        | |  2.6
Stealth        | |  4.0
Spellcasting   | |  2.0
Hexes          | |  4.4

Action                     |  1- 3 |  4- 6 || total
---------------------------+-------+-------++-------
  Melee: Unarmed           |   125 |     3 ||   128
         Bite              |    16 |       ||    16
         Punch             |     3 |       ||     3
   Cast: Ensorcelled Hiber |     6 |       ||     6
    Use: Scroll            |     5 |       ||     5
   Stab: Sleeping          |    16 |       ||    16
 Armour: Skin              |     1 |       ||     1
  Dodge: Dodged            |    66 |     5 ||    71

Table legend: (Time is in decaauts)
 A = Elapsed time spent in this place.
 B = Non-inter-level travel time spent in this place.
 C = Inter-level travel time spent in this place.
 D = Time resting spent in this place.
 E = Time spent auto-exploring this place.
 F = Levels seen in this place.
 G = Mean time per level.
                   A        B        C        D        E       F      G
               +--------+--------+--------+--------+--------+-----+--------+
         Total |   2085 |   2022 |     63 |    380 |   1175 |   3 |  695.0 |
       Dungeon |   2085 |   2022 |     63 |    380 |   1175 |   3 |  695.0 |
               +--------+--------+--------+--------+--------+-----+--------+

Top non-repeatable levels by time:
     D:2: 862 daAuts
     D:1: 696 daAuts
     D:3: 526 daAuts
